 Dungeon Crawl Stone Soup version 0.28.0-43-g3370ac3207 (webtiles) character file.

Game seed: 17535707014466622484

184 Zeld the Magician (level 5, 0/28 HPs)
             Began as a Deep Elf Fire Elementalist on Mar 11, 2022.
             Was a Follower of Vehumet.
             Slain by Terence
             ... wielding a +4 trident of freezing
              (4 damage)
             ... on level 3 of the Dungeon.
             The game lasted 00:04:36 (3155 turns).

Zeld the Magician (Deep Elf Fire Elementalist)      Turns: 3155, Time: 00:04:36

Health: 0/28       AC:  2    Str:  5    XL:     5   Next: 36%
Magic:  10/14      EV: 13    Int: 25    God:    Vehumet [*.....]
Gold:   61         SH:  0    Dex: 15    Spells: 6/13 levels left

rFire   . . .      SeeInvis .   a - +0 long sword
rCold   . . .      Faith    .   (no shield)
rNeg    . . .      Spirit   .   l - +0 robe "Daock" {Int+3}
rPois   .          Reflect  .   (no helmet)
rElec   .          Harm     .   (no cloak)
rCorr   .          Rampage  .   (no gloves)
Will    .....                   (no boots)
Stlth   ++........              (no amulet)
HPRegen 0.09/turn               (no ring)
MPRegen 0.14/turn               (no ring)

@: no status effects
A: no striking features
a: Renounce Religion


You were on level 3 of the Dungeon.
You worshipped Vehumet.
Vehumet was aware of your devotion.
You visited 1 branch of the dungeon, and saw 3 of its levels.

You collected 61 gold pieces.

Inventory:

Hand Weapons
 a - a +0 long sword (weapon)
Armour
 l - the +0 robe "Daock" (worn) {Int+3}
   (You found it on level 3 of the Dungeon)

   Int:       It affects your intelligence (+3).
Wands
 p - a wand of flame (25)
Scrolls
 d - 2 scrolls of teleportation {unknown}
 e - 4 scrolls of immolation {unknown}
 f - 5 scrolls of identify {unknown}
 h - a scroll of fog {unknown}
 i - a scroll of noise {unknown}
 k - a scroll of summoning {unknown}
 m - 2 scrolls of vulnerability {unknown}
Potions
 b - a potion of curing {unknown}
 c - a potion of mutation {unknown}
 g - a potion of attraction {unknown}
 j - a potion of cancellation {unknown}
 n - a potion of heal wounds {unknown}
 o - a potion of flight {unknown}


   Skills:
 + Level 3.3 Dodging
 + Level 3.6 Stealth
 * Level 4.6 Spellcasting
 + Level 2.3 Conjurations
 * Level 4.5 Fire Magic


You had 6 spell levels left.
You knew the following spells:

 Your Spells              Type           Power      Damage    Failure   Level
a - Foxfire               Conj/Fire      92%        2x1d8     1%          1
b - Scorch                Fire           56%        2d7       1%          2
c - Flame Wave            Conj/Fire      23%        2d7       21%         4

Your spell library contained the following spells:

 Spells                   Type           Power      Damage    Failure   Level
 Sandblast                Erth           10%        2d5       9%          1
 Conjure Flame            Conj/Fire      23%        6-21      6%          3
 Inner Flame              Hex/Fire       17%        N/A       10%         3
 Gell's Gravitas          Tloc           5%         N/A       26%         3
 Teleport Other           Tloc           5%         N/A       26%         3
 Dispersal                Tloc           2%         N/A       100%        6


Dungeon Overview and Level Annotations

Branches:
Dungeon (3/15)

Altars:
Qazlal
Trog
Vehumet
Wu Jian

Annotations:
D:3 Terence


Message History

You conjure some foxfire!
The foxfire hits the worm.
You kill the worm!
Vehumet accepts your kill.
Your foxfire dissipates!
Your foxfire dissipates!
Your foxfire dissipates!
Found a stone staircase leading up.
Casting: Foxfire (safe; 1% risk of failure)
Confirm with . or Enter, or press ? or * to list all spells.
You conjure some foxfire!
Your foxfire dissipates!
Your foxfire dissipates!
f - 5 scrolls labelled ZODWIRUOBY (gained 1)
Found 21 stones.
Casting: Foxfire (safe; 1% risk of failure)
Confirm with . or Enter, or press ? or * to list all spells.
You conjure some foxfire!
Your foxfire dissipates! x2
Found an escape hatch in the ceiling.
Terence the Incautious comes into view.
He is wielding a +4 trident of freezing.
Terence is nearby!
Terence is nearby!
Terence shouts!
Casting: Foxfire (safe; 1% risk of failure)
Confirm with . or Enter, or press ? or * to list all spells.
Flames lash Terence.
Terence is moderately wounded.
Terence's fire resistance burns away.
You hear an angry hiss.
Terence hits you from afar with a +4 trident of freezing!
Ouch! That really hurt!
Terence freezes you.
Casting: Scorch (safe; 1% risk of failure)
Confirm with . or Enter, or press ? or * to list all spells.
Flames lash Terence.
Terence is burned terribly!
Terence is heavily wounded.
Terence hits you from afar with a +4 trident of freezing!
* * * LOW HITPOINT WARNING * * *
Terence freezes you.
You die...

#...####.####.....###.......
#.(.# #........)...####.#..
#.<.####........[.#....#....
#####...................###.
#............#####...##.
#....######### ##...#.
#....# ##.... #.>..#####
##.## #......@.# #..
########.@..# ###. ###....
## ##.


You could see Terence (combustible).

Vanquished Creatures
  A centaur skeleton (D:3)
  An orc wizard (D:3)
  A gnoll (D:3)
  3 adders
  2 worms
  3 dart slugs (D:3)
  4 orcs (D:3)
  7 bats
  10 endoplasms
  2 giant cockroaches
  4 goblins
  6 hobgoblins
  4 jackals (D:3)
  2 quokkas (D:3)
  9 ball pythons
  5 frilled lizards
  A jackal zombie (D:3)
  5 kobolds
  4 rats
74 creatures vanquished.

Vanquished Creatures (others)
  207 foxfires
207 creatures vanquished.

Grand Total: 281 creatures vanquished

Notes
Turn   | Place    | Note
-------+----------+-------------------------------------------
     0 | D:1      | Zeld the Deep Elf Fire Elementalist began the quest for the
                  | Orb.
     0 | D:1      | Reached XP level 1. HP: 10/10 MP: 6/6
   328 | D:1      | Found a faded altar of an unknown god.
   385 | D:1      | Reached XP level 2. HP: 15/15 MP: 2/8
   934 | D:1      | Learned a level 2 spell: Scorch
  1175 | D:2      | Reached XP level 3. HP: 16/19 MP: 3/10
  1439 | D:2      | Found a radiant altar of Vehumet.
  1462 | D:2      | Became a worshipper of Vehumet
  2134 | D:3      | Identified the +0 robe "Daock" {Int+3}
  2172 | D:3      | Reached XP level 4. HP: 22/24 MP: 6/12
  2177 | D:3      | Learned a level 4 spell: Flame Wave
  2218 | D:3      | Found a stormy altar of Qazlal.
  2381 | D:3      | Found an ornate altar of the Wu Jian Council.
  2637 | D:3      | Reached * piety under Vehumet
  2637 | D:3      | Offered knowledge of Sandblast by Vehumet.
  2868 | D:3      | Reached XP level 5. HP: 28/28 MP: 9/13
  2890 | D:3      | Found a bloodstained altar of Trog.
  3149 | D:3      | Noticed Terence
  3155 | D:3      | Slain by Terence

Illustrated notes

Levels and vault maps discovered:
D:1:      lightli_arrival_quake, layout_basic,
          shapermc_ecumenical_altar_mp_ritualfount, minmay_door_square,
          chequers_mini_garden, roderic_serpentine_path
D:2:      layout_loops_ring, basic_altar, minmay_pentomino_p4
D:3:      layout_rooms, nicolae_wu_jian_glorious_leap, lemuel_crystal_altar,
          trog_antimagical, minmay_joined_circles, uniq_terence

Skill      XL: |  1  2  3 |
---------------+----------+-----
Stealth        | 3 |  3.6
Dodging        | 3 |  3.3
Spellcasting   | 4 |  4.6
Conjurations   | 2 |  2.3
Fire Magic     | 4 |  4.5

Action                   |  1- 3 |  4- 6 || total
-------------------------+-------+-------++-------
Melee: Unarmed           |     1 |       ||     1
       Long sword        |     8 |     6 ||    14
       Punch             |     1 |       ||     1
 Cast: Foxfire           |    83 |    64 ||   147
       Scorch            |    10 |    10 ||    20
Armor: Robe              |     9 |     1 ||    10
Dodge: Dodged            |    33 |    11 ||    44
